 Dungeon Crawl Stone Soup version 0.21.1-1-g345015fe64 (webtiles) character file.

105 Jannitor the Vexing (level 4, 0/30 HPs)
             Began as a Demonspawn Enchanter on Mar 11, 2018.
             Slain by an orc wizard
             ... wielding a +0 short sword
              (5 damage)
             ... on level 3 of the Dungeon.
             The game lasted 00:05:47 (3268 turns).

Jannitor the Vexing (Demonspawn Enchanter)          Turns: 3268, Time: 00:05:49

Health: 0/30       AC:  2    Str:  9    XL:     4   Next: 54%
Magic:  0/7        EV: 12    Int: 17    God:
Gold:   86         SH:  0    Dex: 13    Spells: 4/7 levels left

rFire    . . .     SeeInvis .   a - +1 dagger
rCold    . . .     Gourm    .   (no shield)
rNeg     . . .     Faith    .   b - +0 robe
rPois    .         Spirit   .   (no helmet)
rElec    .         Reflect  .   (no cloak)
rCorr    .         Harm     .   (no gloves)
MR       .....                  (no boots)
Stlth    ++........             (no amulet)
HPRegen  0.10/turn              (no ring)
MPRegen  0.10/turn              (no ring)

@: very slightly contaminated
A: hooves 1, rot immunity
a: no special abilities


You were on level 3 of the Dungeon.
You were hungry.

You visited 1 branch of the dungeon, and saw 3 of its levels.

You collected 86 gold pieces.

Inventory:

Hand Weapons
 a - a +1 dagger (weapon)
Armour
 b - a +0 robe (worn)
Scrolls
 e - 3 scrolls of remove curse {unknown}
 f - 2 scrolls of identify {unknown}
 h - a scroll of enchant weapon {unknown}
 i - a scroll of immolation {unknown}
Books
 c - a book of Maledictions

   Spells                             Type                      Level
   a - Corona                         Hexes                        1
   b - Ensorcelled Hibernation        Hexes/Ice                    2
   c - Confuse                        Hexes                        3
   d - Tukima's Dance                 Hexes                        3
   e - Dazzling Spray                 Conjuration/Hexes            3
Comestibles
 d - 4 rations


   Skills:
 + Level 2.3 Short Blades
 - Level 1.7 Dodging
 + Level 3.7 Stealth
 - Level 2.0 Spellcasting
 + Level 3.9 Hexes


You had 4 spell levels left.
You knew the following spells:

 Your Spells              Type           Power        Failure   Level  Hunger
a - Corona                Hex            ###....      3%          1    #......
b - Ensorcelled Hibernat  Hex/Ice        #.....       13%         2    ###....


Dungeon Overview and Level Annotations

Branches:
Dungeon (3/15)

Altars:


Innate Abilities, Weirdness & Mutations

You have large cloven feet.
You are immune to rotting.


Message History

You are too injured to fight recklessly!
You feel better.
The orc wizard hits you with a short sword. x2
You are too injured to fight recklessly!
You feel better. The orc wizard casts a spell at you.
The puff of flame hits you!
* * * LOW HITPOINT WARNING * * *
You aren't carrying any potions.
Unknown command.
Unknown command.
You aren't carrying any items that you can evoke.
Unknown command.
You miss the orc wizard.
The orc wizard is severely wounded.
The orc wizard gestures wildly while chanting.
The orc wizard flickers and vanishes!
Deactivating autopickup; reactivate with Ctrl-A.
Something hits you.
You die...

♣P #.# #.......#
P.P######.####.#######
♣♣.P#....#.#..........#
♣.PP#....#.#.##.#.....#
♣♣♣P.#....#.#..#.#.#####
♣P♣..#....#.##.#.#.#
♣.................>#
♣..###....###.{#.#######
.PPP##
####.....@#........
.#P## ########o..#####
## #..÷....PPPP###
#.#####..♣P(..# #.#
...o♣♣P...##
#.#.##.P.♣♣P...###
#######.#.##...♣ ♣.....#
#.............P♣♣♣..##.#
#.............P♣♣P.)##.#


There were no monsters in sight!

Vanquished Creatures
  An orc priest (D:3)
  A gnoll (D:1)
  A worm (D:2)
  4 dart slugs
  A leopard gecko (D:3)
  2 orcs
  5 giant cockroaches
  A goblin (D:1)
  2 hobgoblins
  6 jackals (D:1)
  6 kobolds
  A quokka (D:2)
  8 bats
  4 frilled lizards
  A quokka skeleton (D:2)
  6 rats
50 creatures vanquished.

Notes
Turn   | Place    | Note
-------+----------+-------------------------------------------
     0 | D:1      | Jannitor the Demonspawn Enchanter began the quest for the Orb.
     0 | D:1      | Reached XP level 1. HP: 13/13 MP: 3/3
   104 | D:1      | Reached skill level 1 in Short Blades
   306 | D:1      | Gained mutation: You have large cloven feet. [demonic ancestry]
   306 | D:1      | Reached XP level 2. HP: 10/19 MP: 5/5
   703 | D:1      | Learned a level 2 spell: Ensorcelled Hibernation
   727 | D:1      | Reached XP level 3. HP: 21/24 MP: 1/6
  2503 | D:3      | Gained mutation: You are immune to rotting. [demonic ancestry]
  2503 | D:3      | Reached XP level 4. HP: 17/30 MP: 5/7
  3268 | D:3      | Slain by an orc wizard

Skill      XL: |  1  2  3 |
---------------+----------+-----
Short Blades   | 1 2 |  2.3
Stealth        | 3 |  3.7
Dodging        | |  1.7
Spellcasting   | |  2.0
Hexes          | |  3.9

Action                   |  1- 3 |  4- 6 || total
-------------------------+-------+-------++-------
Melee: Dagger            |   163 |    32 ||   195
       Kick              |    27 |     5 ||    32
 Cast: Corona            |     6 |       ||     6
       Ensorcelled Hiber |     7 |     7 ||    14
  Use: Potion            |       |     5 ||     5
 Stab: Distracted        |     1 |       ||     1
       Sleeping          |    11 |     3 ||    14
  Eat: Chunk             |     4 |     4 ||     8
Armor: Robe              |    43 |     3 ||    46
Dodge: Dodged            |   120 |    19 ||   139
